 Dungeon Crawl Stone Soup version 0.30-b1-2-g02819fbbbe (webtiles) character file.

Game seed: 2125165165037368667

45901 LLlMATKO the Severer (level 14, -12/195 HPs)
             Began as a Minotaur Berserker on June 6, 2023.
             Was a Priest of Trog.
             Killed from afar by a fire giant (22 damage)
             ... with a fireball
             ... on level 14 of the Dungeon.
             The game lasted 00:20:44 (17936 turns).

LLlMATKO the Severer (Minotaur Berserker)          Turns: 17936, Time: 00:20:45

Health: -12/195    AC: 18    Str: 25    XL:     14   Next: 2%
Magic:  13/13      EV: 27    Int:  4    God:    Trog [***...]
Gold:   941        SH: 18    Dex: 15    Spells: 13/13 levels left

rFire   . . .        y - +0 war axe (drain)
rCold   + . .        m - +0 tower shield
rNeg    . . .        x - +1 plate armour
rPois   .            (helmet restricted)
rElec   .            (no cloak)
rCorr   .            (no gloves)
SInv    +            P - +0 pair of boots {Stlth+}
Will    +....        L - amulet of the acrobat Stlth
                     N - ring of flight
HPRegen 0.52/turn    B - ring of Noffuat {rC+ Dex+3 SInv}
MPRegen 0.13/turn

%: acrobat
@: berserking, acrobatic, flying, studying 2 skills, very quick
A: horns 2, retaliatory headbutt
a: Renounce Religion, Berserk, Trog's Hand


You were on level 14 of the Dungeon.
You worshipped Trog.
Trog was most pleased with you.
You visited 1 branch of the dungeon, and saw 14 of its levels.
You also visited: Ice Cave.

You collected 941 gold pieces.

Inventory:

Hand Weapons
 j - a +4 battleaxe
 y - a +0 war axe of draining (weapon)
 Z - a +3 scimitar of flaming
Missiles
 b - 32 poisoned darts
 p - 10 boomerangs (quivered)
 C - 3 curare-tipped darts
 I - 6 atropa-tipped darts
 K - a throwing net
Armour
 m - a +0 tower shield (worn)
 x - a +1 plate armour (worn)
 D - a +2 chain mail of fire resistance
 F - +0 fire dragon scales
 P - a +0 pair of boots of stealth (worn)
Jewellery
 n - a ring of ice
 t - a ring of ice
 B - the ring of Noffuat (right hand) {rC+ Dex+3 SInv}
   (You found it in an ice cave)

   [ring of see invisible]

   Dex:       It affects your dexterity (+3).
   rC:        It protects you from cold.
   SInv:      It lets you see invisible.
 H - a +6 ring of dexterity
 L - an amulet of the acrobat (around neck)
 N - a ring of flight (left hand)
 Q - an amulet of guardian spirit
 S - a +5 ring of evasion
 T - a ring of fire
Wands
 q - a wand of acid (4)
 v - a wand of flame (17)
 w - a wand of iceblast (13)
 O - a wand of mindburst (9)
Scrolls
 c - 8 scrolls of teleportation
 e - 14 scrolls of identify
 h - 2 scrolls of brand weapon
 l - 2 scrolls of immolation
 u - a scroll of noise
 E - 2 scrolls of blinking
 G - a scroll of silence {unknown}
 J - 2 scrolls of enchant armour
 R - 2 scrolls of vulnerability {unknown}
 U - a scroll of butterflies
 Y - a scroll of fear
Potions
 a - 4 potions of flight {unknown}
 d - 2 potions of ambrosia {unknown}
 f - 11 potions of degeneration
 g - 4 potions of haste
 i - 2 potions of invisibility {unknown}
 k - 3 potions of attraction {unknown}
 o - 3 potions of heal wounds {unknown}
 r - a potion of might
 s - 4 potions of curing
 z - 5 potions of lignification {unknown}
 A - a potion of mutation {unknown}
 M - 2 potions of cancellation {unknown}
 V - a potion of berserk rage {unknown}
 X - a potion of brilliance {unknown}


   Skills:
 + Level 13.8 Fighting
 + Level 16.2 Axes
 + Level 13.5 Armour
 + Level 14.7 Dodging
 + Level 12.8 Shields


You had 13 spell levels left.
You didn't know any spells.
Your spell library was empty.

Dungeon Overview and Level Annotations

Branches:
Dungeon (14/15)            Temple (0/1) D:6            Lair (0/5) D:9
    Orc (0/2) D:11         Vaults (0/5) D:13          IceCv (visited)

Altars:
Ashenzari
Fedhas
Kikubaaqudgha
Makhleb
Nemelex Xobeh
Okawaru
Qazlal
Sif Muna
Trog
Uskayaw
Vehumet
Wu Jian
The Shining One

Shops:
D:7 ?


Innate Abilities, Weirdness & Mutations

You have a pair of horns on your head.
You reflexively headbutt those who attack you in melee.


Message History

Your polar bear rages.
Your polar bear is no longer berserk.
Your polar bear disappears in a puff of smoke!
A fire giant comes into view.
It is wielding a +2 great sword of flaming.
Okay, then.
Your two-headed ogre goes berserk!
What are your orders? t - Shout!
Orders for allies: a - Attack new target. r - Retreat! s - Stop attacking. g - Guard the area. f - Follow me.
Anything else - Cancel.
Gang up on whom?
Press: ? - help, Dir - move target, f - fire giant
Aim: a fire giant, wielding a +2 great sword of flaming (ally target) Attack!
The fire giant points at you and mumbles some strange words.
The fireball explodes!
The fireball engulfs you!!
Your two-headed ogre hits the fire giant with a +0 giant club!!!
Your two-headed ogre hits the fire giant with a +0 giant club!
The fire giant hits your two-headed ogre with a +2 great sword of flaming!!
The fire giant burns your two-headed ogre.
Your two-headed ogre hits the fire giant with a +0 giant club!
Your two-headed ogre hits the fire giant with a +0 giant club.
The fire giant casts a spell at your two-headed ogre.
The bolt of fire hits your two-headed ogre!!!
Your two-headed ogre dies!
Your two-headed ogre's corpse disappears in a puff of smoke!
The bolt of fire hits you!!
* * * LOW HITPOINT WARNING * * *
A red film seems to cover your vision as you go berserk!
You feel yourself moving faster!
You feel mighty!
You can no longer call in reinforcements.
The fire giant points at you and mumbles some strange words.
The fireball explodes!
The fireball engulfs you!!!
* * * LOW HITPOINT WARNING * * *
You feel a strong urge to attack something.
The fire giant points at you and mumbles some strange words.
The fireball explodes!
The fireball engulfs you!!
You die...

## ######### ########.
#...)...######........
##....................
##..@C........<[.....
##†(†#..............
#)).##......D......
##.######...........
##).# ##..........
##()## ##.........
##..## #.........
#..## ##........ ##.##
##.......


You could see a fire giant.

Vanquished Creatures
  An azure jelly (IceCv)
  2 quicksilver oozes (IceCv)
  Josephine (D:14)
  A vault guard (D:13)
  Erolcha (D:10)
  3 hydras
  A centaur warrior (D:14)
  7 two-headed ogres
  A boulder beetle (D:12)
  Pikel (D:7)
  11 ugly things
  A deep elf pyromancer (D:13)
  An orc knight (D:11)
  3 manticores
  7 cyclopes
  2 ice statues (IceCv)
  Maggie (D:8)
  2 gargoyles
  2 unseen horrors (D:11)
  2 efreet (D:14)
  3 komodo dragons
  2 yaktaurs
  2 tengu conjurers (D:14)
  A merfolk (D:9)
  A troll (D:11)
  A hornet (D:9)
  18 slime creatures (IceCv)
  A shadow (D:11)
  6 wraiths
  2 wyverns
  33 yaks
  4 basilisks
  Grum (D:8)
  15 vampire mosquitoes
  4 acid dragons
  Duvessa (D:5)
  2 orc warriors (D:11)
  A swamp drake (D:11)
  An ice beast (D:5)
  3 sky beasts
  3 black bears
  The ghost of craig the Covert, an amateur GnDe (D:5)
  2 great orb of eyes simulacra (IceCv)
  3 ogres
  4 wolves (D:8)
  A lemure (D:7)
  3 slime creature simulacra (IceCv)
  11 centaurs
  A phantom (D:5)
  5 kobold brigands
  5 bullfrogs
  3 gnoll sergeants
  3 glowing shapeshifter simulacra (IceCv)
  3 scorpions
  5 wights (D:7)
  Dowan (D:5)
  5 killer bees (D:9)
  4 howler monkeys
  A jelly (D:7)
  8 orc priests
  3 hounds
  A gnoll bouda (D:6)
  A sleepcap (D:5)
  5 iguanas
  9 orc wizards
  2 shapeshifter simulacra (IceCv)
  11 gnolls
  7 adders
  A shadow imp (D:7)
  14 white imps
  2 ufetubi
  4 worms
  4 dart slugs
  51 orcs
  8 ball pythons
  8 bats
  5 endoplasms
  3 giant cockroaches
  2 hobgoblins
  4 jackals
  28 kobolds
  3 quokkas (D:4)
  5 frilled lizards
  4 goblins
  4 rats
414 creatures vanquished.

Vanquished Creatures (collateral kills)
  A centaur warrior (D:11)
  A tengu warrior (D:14)
  An ugly thing (D:11)
  A cyclops (D:14)
  A vampire mosquito (D:11)
5 creatures vanquished.

Vanquished Creatures (others)
  A bush (D:14)
  2 withered plants (D:5)
3 creatures vanquished.

Grand Total: 422 creatures vanquished

Notes
Turn   | Place    | Note
-------+----------+-------------------------------------------
     0 | D:1      | LLlMATKO the Minotaur Berserker began the quest for the
                  | Orb.
     0 | D:1      | Reached XP level 1. HP: 19/19 MP: 0/0
   262 | D:1      | Reached XP level 2. HP: 24/27 MP: 1/1
   593 | D:1      | Reached skill level 4 in Axes
   802 | D:2      | Reached ** piety under Trog
   819 | D:2      | Reached XP level 3. HP: 33/33 MP: 2/2
  1101 | D:2      | Reached XP level 4. HP: 20/41 MP: 3/3
  1523 | D:3      | Reached XP level 5. HP: 25/47 MP: 4/4
  1796 | D:3      | Found an iron altar of Okawaru.
  2089 | D:3      | Found a broken altar of Ashenzari.
  2196 | D:3      | Reached skill level 5 in Fighting
  2196 | D:3      | Reached skill level 5 in Axes
  2322 | D:3      | Reached *** piety under Trog
  2756 | D:4      | Found a stormy altar of Qazlal.
  2757 | D:4      | Found a blossoming altar of Fedhas.
  2778 | D:4      | Found a radiant altar of Vehumet.
  2811 | D:4      | Reached XP level 6. HP: 55/56 MP: 5/5
  3087 | D:4      | Found a burning altar of Makhleb.
  3619 | D:4      | Found an ancient bone altar of Kikubaaqudgha.
  3704 | D:4      | Found a hide-covered altar of Uskayaw.
  3761 | D:5      | Entered Level 5 of the Dungeon
  3771 | D:5      | Reached skill level 1 in Shields
  3823 | D:5      | Reached XP level 7. HP: 44/62 MP: 6/6
  3947 | D:5      | Found a runed translucent door.
  3947 | D:5      | Noticed craig's ghost (amateur GnDe)
  3960 | D:5      | Reached skill level 5 in Armour
  4306 | D:5      | Noticed Dowan
  4306 | D:5      | Noticed Duvessa
  4315 | D:5      | Killed Dowan
  4316 | D:5      | Reached skill level 6 in Axes
  4319 | D:5      | Killed Duvessa
  4320 | D:5      | Reached skill level 5 in Dodging
  4485 | D:5      | Killed craig's ghost
  4516 | D:6      | Reached XP level 8. HP: 70/71 MP: 7/7
  4530 | D:6      | Found a staircase to the Ecumenical Temple.
  4916 | D:6      | Reached skill level 7 in Axes
  5229 | D:6      | Reached **** piety under Trog
  5470 | D:6      | Reached skill level 5 in Shields
  5729 | D:7      | Found Lyileg's Magic Scroll Boutique.
  5739 | D:7      | Reached XP level 9. HP: 79/79 MP: 8/8
  5803 | D:7      | Found an ornate altar of the Wu Jian Council.
  6123 | D:7      | Noticed Pikel
  6134 | D:7      | Killed Pikel
  6135 | D:7      | Reached skill level 8 in Axes
  6312 | D:7      | Found a bloodstained altar of Trog.
  6356 | D:7      | Found a shimmering blue altar of Sif Muna.
  6700 | D:8      | Noticed a komodo dragon
  6708 | D:8      | Killed a komodo dragon
  6825 | D:8      | Noticed Maggie
  6839 | D:8      | Killed Maggie
  6985 | D:8      | Reached XP level 10. HP: 90/90 MP: 9/9
  7058 | D:8      | Noticed Grum
  7071 | D:8      | Killed Grum
  7309 | D:8      | Reached skill level 9 in Axes
  7685 | D:8      | Found a sparkling altar of Nemelex Xobeh.
  8990 | D:9      | Reached skill level 10 in Fighting
  8990 | D:9      | Reached skill level 10 in Axes
  8992 | D:9      | Reached XP level 11. HP: 50/99 MP: 10/10
  8993 | D:9      | Reached ***** piety under Trog
  8995 | D:9      | HP: 4/148 [komodo dragon (17)]
  9370 | D:9      | Found a staircase to the Lair.
  9481 | D:10     | Entered Level 10 of the Dungeon
  9524 | D:10     | Noticed Erolcha
  9525 | D:10     | Noticed a two-headed ogre
  9529 | D:10     | Killed Erolcha
  9534 | D:10     | Killed a two-headed ogre
  9535 | D:10     | Reached skill level 10 in Armour
  9925 | D:10     | Noticed a two-headed ogre
  9930 | D:10     | Killed a two-headed ogre
 10125 | D:10     | Found a glowing golden altar of the Shining One.
 10632 | D:11     | Identified 2 scrolls of acquirement
 10632 | D:11     | Acquired a manual of Dodging
 10634 | D:11     | Acquired a manual of Axes
 10660 | D:11     | Found a frozen archway.
 10665 | D:11     | Received a gift from Trog
 10709 | IceCv    | Entered an ice cave
 10805 | IceCv    | Reached skill level 11 in Axes
 10807 | IceCv    | Reached skill level 10 in Dodging
 11294 | IceCv    | Noticed a quicksilver ooze
 11307 | IceCv    | Killed a quicksilver ooze
 11308 | IceCv    | Reached skill level 10 in Shields
 11308 | IceCv    | Reached XP level 12. HP: 110/110 MP: 11/11
 11645 | IceCv    | Reached skill level 12 in Axes
 11923 | IceCv    | Noticed a quicksilver ooze
 11934 | IceCv    | Killed a quicksilver ooze
 12012 | IceCv    | Found a viscous altar of Jiyva.
 12012 | IceCv    | Noticed an azure jelly
 12021 | IceCv    | Killed an azure jelly
 12169 | IceCv    | Identified the ring of Noffuat {rC+ Dex+3 SInv}
 12384 | D:11     | Noticed a two-headed ogre
 12386 | D:11     | Noticed a two-headed ogre
 12392 | D:11     | Noticed a centaur warrior
 12393 | D:11     | Killed a two-headed ogre
 12394 | D:11     | Reached skill level 13 in Axes
 12416 | D:11     | Killed a centaur warrior
 12524 | D:11     | Killed a two-headed ogre
 12728 | D:11     | Found a staircase to the Orcish Mines.
 13206 | D:11     | Noticed a two-headed ogre
 13214 | D:11     | Killed a two-headed ogre
 13529 | D:11     | Reached skill level 14 in Axes
 14363 | D:11     | Found a staircase to the Orcish Mines.
 14791 | D:12     | Reached XP level 13. HP: 105/119 MP: 12/12
 15873 | D:13     | Reached skill level 15 in Axes
 16047 | D:13     | Found a gate to the Vaults.
 16985 | D:14     | Noticed Josephine
 16994 | D:14     | Killed Josephine
 17824 | D:14     | Reached skill level 16 in Axes
 17852 | D:14     | Reached XP level 14. HP: 67/130 MP: 13/13
 17929 | D:14     | Noticed a fire giant
 17936 | D:14     | Killed from afar by a fire giant

Illustrated notes

Levels and vault maps discovered:
D:1:      ncdulo_lavacross, layout_loops_cross
D:2:      layout_basic
D:3:      layout_basic, mainiacjoe_overflow_boulevard,
          mainiacjoe_overflow_tiny_flanked
D:4:      layout_loops_corners, grunt_temple_overflow_forces_of_nature,
          mainiacjoe_overflow_alcove_4, mainiacjoe_overflow_swirl,
          lemuel_crystal_altar, corexii_leaking_fountain
D:5:      layout_basic, gammafunk_ghost_grave, dk_noncrumbling_2, uniq_duvessa
D:6:      layout_cave_pods, minmay_temple_entry_ruins, kennysheep_generic_room_8
D:7:      layout_rooms, grunt_temple_overflow_open, serial_shops,
          shop_fountains, nrook_uturn, chequers_jeans, kennysheep_pointless_box,
          chequers_serial_rivers_micro_a, uniq_pikel
D:8:      layout_basic, kennysheep_mini_moat, uniq_grum, uniq_maggie
D:9:      layout_long_grid, erik_lair_dragon, hangedman_fish_farm
D:10:     layout_roguey, mainiacjoe_overflow_24_doors, uniq_erolcha
D:11:     layout_loops_cross, erik_orc_1, portal_ice_cave_entry_imps,
          chequers_decorated_corner, minmay_misc_feat_room, corner_web_ring,
          minmay_pinched_square
D:12:     layout_long_grid
D:13:     layout_gridville, david_vaults_5
D:14:     minmay_mutant_horseshoe, layout_cave_pods, serial_park_square2,
          uniq_josephine

Skill      XL: |  1  2  3  4  5  6  7  8  9 10 11 12 13 |
---------------+----------------------------------------+-----
Fighting       | 4 5 6 7 8 10 11 12 13 | 13.8
Axes           | 4 5 6 7 8 10 11 14 16 | 16.2
Armour         | 3 4 5 6 8 9 11 12 13 | 13.5
Dodging        | 3 4 5 6 7 8 10 12 14 | 14.7
Shields        | 2 3 5 6 8 10 11 12 | 12.8

Action                     |  1- 3 |  4- 6 |  7- 9 | 10-12 | 13-15 || total
---------------------------+-------+-------+-------+-------+-------++-------
  Melee: Hand axe          |    70 |   138 |    39 |       |       ||   247
         Headbutt          |     9 |    24 |    34 |   134 |    82 ||   283
         War axe           |       |       |   203 |   533 |   275 ||  1011
         Scimitar          |       |       |       |       |     7 ||     7
  Throw: Dart              |     2 |     6 |       |       |       ||     8
         Boomerang         |       |    58 |       |     8 |     5 ||    71
 Invoke: Berserk           |     1 |     2 |     8 |    22 |     8 ||    41
         Trog's Hand       |       |       |     1 |     2 |     1 ||     4
         Brothers in Arms  |       |       |       |     1 |     2 ||     3
    Use: Scroll            |       |       |       |    14 |       ||    14
 Armour: Animal skin       |    12 |       |       |       |       ||    12
         Ring mail         |     1 |    18 |       |       |       ||    19
         Scale mail        |       |     7 |       |       |       ||     7
         Plate armour      |       |    25 |   142 |   210 |    86 ||   463
  Dodge: Dodged            |    48 |    40 |    54 |   183 |   120 ||   445
  Block: Tower shield      |       |    30 |   165 |   413 |   245 ||   853
